 Dungeon Crawl Stone Soup version 0.22.1-2-g9c5b331 (webtiles) character file.

175 kaesh the Ducker (level 5, -4/28 HPs)
             Began as a Spriggan Berserker on Dec 1, 2018.
             Was a Believer of Trog.
             Killed by divine providence
             ... invoked by an orc priest
              (9 damage)
             ... on level 3 of the Dungeon.
             The game lasted 00:04:16 (1883 turns).

kaesh the Ducker (Spriggan Berserker)               Turns: 1883, Time: 00:04:17

Health: -4/28      AC:  2    Str: 14    XL:     5   Next: 29%
Magic:  6/6        EV: 21    Int:  8    God:    Trog [**....]
Gold:   153        SH:  0    Dex: 16    Spells: 4/4 levels left

rFire    . . .     SeeInvis +   a - +0 short sword
rCold    . . .     Gourm    .   (shield restricted)
rNeg     . . .     Faith    .   b - +0 animal skin
rPois    .         Spirit   .   (helmet restricted)
rElec    .         Reflect  .   (no cloak)
rCorr    .         Harm     .   (gloves unavailable)
MR       .....                  (boots unavailable)
Stlth    +.........             (no amulet)
HPRegen  0.09/turn              (no ring)
MPRegen  0.10/turn              (no ring)

@: berserk cooldown, slowed, quick
A: very small, unfitting armour, see invisible, herbivore, speed 3, slow
metabolism 2
a: Berserk, Trog's Hand, Renounce Religion


You were on level 3 of the Dungeon.
You worshipped Trog.
Trog was pleased with you.
You were not hungry.

You visited 1 branch of the dungeon, and saw 3 of its levels.

You collected 153 gold pieces.

Inventory:

Hand Weapons
 a - a +0 short sword (weapon)
Armour
 b - a +0 animal skin (worn)
Scrolls
 d - 3 scrolls of remove curse
 e - a scroll of enchant armour {unknown}
Comestibles
 c - a ration


   Skills:
 + Level 3.2 Fighting
 + Level 5.1 Short Blades
 + Level 5.9 Dodging


You had 4 spell levels left.
You didn't know any spells.
Your spell library was empty.

Dungeon Overview and Level Annotations

Branches:
Dungeon (3/15)

Altars:
Zin

Annotations:
D:3 1 runed door


Innate Abilities, Weirdness & Mutations

You are very small and have problems with some larger weapons.
You are too small for most types of armour.
You have supernaturally acute eyesight. (SInv)
You are a herbivore.
You cover ground extremely quickly.
You need to consume almost no food.


Message History

You feel your anger nearly subside.
You are no longer berserk.
You are exhausted.
You feel yourself slow down.
The orc priest calls down the wrath of Beogh upon you.
Pain shoots through your body!
* * * LOW HITPOINT WARNING * * *
You hit the orc priest.
The orc priest is moderately wounded.
The orc priest completely misses you.
The kobold throws a stone.
The stone closely misses you.
You hit the orc priest.
The orc priest is severely wounded.
The orc priest begins to cast a cantrip, but forgets the words!
The orc priest completely misses you.
You hit the orc priest.
The orc priest is almost dead.
The kobold throws a stone.
The stone barely misses you.
The orc priest mumbles some strange prayers to Beogh against you.
Beogh smites you!
You die...

##########.#(.........
....#..#
#.........[......##..#.#..#
#.####..<........#...... .
##..))####.##.. ..#.#
##.#(.....##.###.#.#
#.#.#######[......#
####.#.....(.÷K.(.)..#
.....>...o.##.#######.#
.........@..K.... .K
......(........... o..
≈≈.≈≈.≈≈.≈≈≈.≈≈..... ..
≈≈≈≈≈≈≈≈≈≈≈≈≈≈≈≈≈≈≈≈ .
≈≈≈≈≈≈≈≈≈≈≈≈≈≈≈≈≈≈≈≈
≈≈≈≈≈≈≈≈≈≈≈≈≈≈≈≈≈≈≈≈
################


You could see an orc priest and a kobold.

Vanquished Creatures
  An ogre (D:2)
  Terence (D:3)
  2 dart slugs
  A leopard gecko (D:2)
  4 orcs (D:3)
  A giant cockroach (D:1)
  5 goblins
  6 hobgoblins
  6 jackals (D:3)
  3 quokkas
  2 ball pythons
  4 bats
  2 frilled lizards
  9 kobolds
  7 rats
54 creatures vanquished.

Notes
Turn   | Place    | Note
-------+----------+-------------------------------------------
     0 | D:1      | kaesh the Spriggan Berserker began the quest for the Orb.
     0 | D:1      | Reached XP level 1. HP: 11/11 MP: 2/2
   297 | D:1      | Reached XP level 2. HP: 16/16 MP: 3/3
   562 | D:2      | Reached ** piety under Trog
   745 | D:2      | Reached skill level 5 in Dodging
   751 | D:2      | Reached XP level 3. HP: 18/19 MP: 4/4
   819 | D:2      | Noticed an ogre
   827 | D:2      | Killed an ogre
   827 | D:2      | Reached XP level 4. HP: 24/24 MP: 5/5
  1284 | D:3      | Noticed Terence
  1300 | D:3      | Killed Terence
  1300 | D:3      | Reached skill level 5 in Short Blades
  1300 | D:3      | Reached XP level 5. HP: 23/28 MP: 6/6
  1561 | D:3      | Found a glowing silver altar of Zin.
  1561 | D:3      | Found a runed door.
  1561 | D:3      | Noticed an angel
  1883 | D:3      | Killed from afar by an orc priest

Skill      XL: |  1  2  3  4 |
---------------+-------------+-----
Dodging        | 5 |  5.9
Fighting       | 3 |  3.2
Short Blades   | 4 5 |  5.1

Action                   |  1- 3 |  4- 6 || total
-------------------------+-------+-------++-------
Melee: Short sword       |    78 |    86 ||   164
Invok: Berserk           |     2 |     3 ||     5
  Use: Scroll            |     4 |       ||     4
       Potion            |     1 |     1 ||     2
 Stab: Sleeping          |     1 |       ||     1
  Eat: Ration            |       |     2 ||     2
Armor: Animal skin       |     3 |     6 ||     9
Dodge: Dodged            |    58 |    74 ||   132
